[ AOE2 MATCH · #486202428 ]
UnrankedLithuanians vs Vikings
[ REPLAY ANALYSIS · EXTRACTED FROM THE RECORDED GAME ]
Feudal
9:40
Castle
24:55
Imperial
—
| APM avg | 40.2 |
| APM peak | 92 |
| eAPM avg | 15.7 |
| Villagers / military | 47 / 51 |
Focus
⚔️ 33.9% · 🌾 66.1%
Archer ×29 · Skirmisher ×22
Feudal
9:18
Castle
24:35
Imperial
—
| APM avg | 44.2 |
| APM peak | 96 |
| eAPM avg | 14.9 |
| Villagers / military | 58 / 51 |
Focus
⚔️ 35.0% · 🌾 65.0%
Archer ×49 · Spearman ×2
Feudal
9:19
Castle
24:02
Imperial
—
| APM avg | 76.2 |
| APM peak | 135 |
| eAPM avg | 31.9 |
| Villagers / military | 74 / 62 |
Focus
⚔️ 42.6% · 🌾 57.4%
Archer ×62
Feudal
9:27
Castle
22:22
Imperial
—
| APM avg | 64.7 |
| APM peak | 139 |
| eAPM avg | 27.7 |
| Villagers / military | 66 / 32 |
Focus
⚔️ 28.1% · 🌾 71.9%
Knight ×23 · Scout Cavalry ×6 · Spearman ×3
Feudal
9:04
Castle
22:33
Imperial
—
| APM avg | 51.7 |
| APM peak | 93 |
| eAPM avg | 22.5 |
| Villagers / military | 78 / 67 |
Focus
⚔️ 39.9% · 🌾 60.1%
Archer ×64 · Militia ×3
Feudal
10:05
Castle
22:57
Imperial
—
| APM avg | 37.4 |
| APM peak | 88 |
| eAPM avg | 14.1 |
| Villagers / military | 73 / 56 |
Focus
⚔️ 30.0% · 🌾 70.0%
Battle Elephant ×38 · Scout Cavalry ×18
Match map
Initial resources + every placement click. Lines = walls · curves = elevation contours. ◆ gold · ⬟ stone · ● berries · ✦ relic · ◌ wall gap
Your base· Open — 1t gap
NdT | Flint's base· ✓ Closed at 24:35 · 56t walls · no gate
HIX | Joako's base· ✓ Closed at 24:02 · 54t walls · 3 gate(s)
NdT | Cormano14's base· Open — 1t gap
RD | Dominicano's base· ✓ Closed at 22:33 · 45t walls · 1 gate(s)
HIX | Mark Anthony's base· Open — 5t gap
Smoothed initial terrain · ◌ = detected wall gap · hover for details
Inputs per minute
— TGT | Leo Mattioli - - NdT | Flint
Build order — TGT | Leo Mattioli
First 150 of 172 actions detected
| 0:00 | Queue | Villager (Male) |
| 0:00 | Queue | Villager (Male) |
| 0:01 | Queue | Villager (Male) |
| 0:02 | Build | House |
| 0:03 | Build | House |
| 0:06 | Queue | Villager (Male) |
| 0:07 | Queue | Villager (Male) |
| 0:07 | Queue | Villager (Male) |
| 1:36 | Queue | Villager (Male) |
| 1:59 | Build | Lumber Camp |
| 1:59 | Queue | Villager (Male) |
| 2:13 | Queue | Villager (Male) |
| 2:33 | Queue | Villager (Male) |
| 3:10 | Queue | Villager (Male) |
| 3:33 | Queue | Villager (Male) |
| 3:33 | Queue | Villager (Male) |
| 3:45 | Queue | Villager (Male) |
| 3:45 | Queue | Villager (Male) |
| 3:54 | Build | House |
| 3:55 | Build | House |
| 4:49 | Queue | Villager (Male) |
| 4:56 | Build | Mill |
| 5:27 | Queue | Villager (Male) |
| 6:09 | Queue | Villager (Male) |
| 6:28 | Queue | Villager (Male) |
| 6:34 | Research | Loom |
| 6:44 | Build | Mining Camp |
| 7:05 | Queue | Villager (Male) |
| 7:12 | Research | Feudal Age |
| 7:57 | Build | Barracks |
| 8:46 | Queue | Villager (Male) |
| 8:52 | Build | Palisade Wall |
| 8:57 | Build | Palisade Wall |
| 8:58 | Build | Palisade Wall |
| 9:00 | Build | Palisade Wall |
| 9:40 | Age | Feudal Age |
| 9:45 | Build | Archery Range |
| 9:47 | Queue | Villager (Male) |
| 10:04 | Build | Archery Range |
| 10:18 | Queue | Villager (Male) |
| 10:31 | Queue | Villager (Male) |
| 10:35 | Build | House |
| 10:36 | Queue | Archer |
| 10:42 | Build | Palisade Wall |
| 10:46 | Queue | Archer |
| 10:53 | Queue | Archer |
| 11:01 | Queue | Archer |
| 11:02 | Queue | Villager (Male) |
| 11:17 | Build | Palisade Wall |
| 11:30 | Build | Palisade Wall |
| 11:34 | Queue | Archer |
| 11:43 | Build | Palisade Wall |
| 11:45 | Queue | Villager (Male) |
| 11:47 | Queue | Archer |
| 11:52 | Queue | Archer |
| 12:02 | Build | House |
| 12:21 | Queue | Archer |
| 12:36 | Build | House |
| 12:43 | Research | Wheelbarrow |
| 12:46 | Research | Gold Mining |
| 13:04 | Research | Double-Bit Axe |
| 13:15 | Build | Mill |
| 13:21 | Queue | Archer |
| 13:22 | Queue | Archer |
| 13:26 | Build | House |
| 13:36 | Build | Blacksmith |
| 13:38 | Build | Palisade Wall |
| 13:58 | Queue | Archer |
| 13:59 | Queue | Archer |
| 14:23 | Build | Farm |
| 15:03 | Queue | Villager (Male) |
| 15:04 | Queue | Archer |
| 15:05 | Queue | Archer |
| 15:42 | Queue | Archer |
| 15:42 | Queue | Archer |
| 15:47 | Queue | Villager (Male) |
| 15:55 | Build | Market |
| 16:04 | Build | Farm |
| 16:07 | Queue | Villager (Male) |
| 16:30 | Research | Fletching |
| 16:33 | Queue | Archer |
| 16:34 | Queue | Archer |
| 17:04 | Queue | Archer |
| 17:05 | Queue | Archer |
| 17:06 | Build | Farm |
| 17:17 | Build | House |
| 17:27 | Queue | Archer |
| 17:34 | Queue | Villager (Male) |
| 17:34 | Queue | Villager (Male) |
| 17:43 | Build | House |
| 17:56 | Build | House |
| 18:04 | Build | Farm |
| 18:08 | Build | Farm |
| 18:16 | Queue | Villager (Male) |
| 18:38 | Queue | Archer |
| 18:38 | Queue | Archer |
| 18:42 | Build | House |
| 19:13 | Queue | Villager (Male) |
| 19:14 | Queue | Villager (Male) |
| 19:15 | Build | Farm |
| 19:17 | Build | House |
| 19:17 | Build | House |
| 20:04 | Queue | Villager (Male) |
| 20:05 | Queue | Villager (Male) |
| 20:06 | Queue | Archer |
| 20:06 | Queue | Archer |
| 20:07 | Queue | Archer |
| 20:07 | Queue | Archer |
| 20:49 | Queue | Archer |
| 20:49 | Queue | Archer |
| 21:04 | Build | Farm |
| 21:05 | Build | Farm |
| 21:05 | Build | Farm |
| 21:05 | Build | Farm |
| 21:05 | Build | Farm |
| 21:06 | Build | Farm |
| 21:06 | Build | Farm |
| 21:12 | Build | Mining Camp |
| 21:15 | Build | House |
| 21:19 | Build | Palisade Wall |
| 21:27 | Queue | Villager (Male) |
| 21:28 | Queue | Villager (Male) |
| 21:34 | Build | Lumber Camp |
| 22:12 | Build | Farm |
| 22:15 | Research | Castle Age |
| 23:03 | Build | Palisade Wall |
| 24:11 | Build | Archery Range |
| 24:16 | Build | Archery Range |
| 24:35 | Queue | Villager (Male) |
| 24:49 | Queue | Villager (Male) |
| 24:55 | Age | Castle Age |
| 24:57 | Queue | Skirmisher |
| 24:57 | Queue | Skirmisher |
| 24:59 | Research | Elite Skirmisher (upgrade) |
| 25:03 | Queue | Skirmisher |
| 25:12 | Build | Town Center |
| 25:17 | Queue | Villager (Male) |
| 25:32 | Research | Bodkin Arrow |
| 25:33 | Research | Padded Archer Armor |
| 25:34 | Queue | Skirmisher |
| 25:35 | Queue | Skirmisher |
| 26:12 | Queue | Skirmisher |
| 26:12 | Queue | Skirmisher |
| 26:12 | Queue | Skirmisher |
| 26:26 | Queue | Skirmisher |
| 26:26 | Queue | Skirmisher |
| 26:27 | Queue | Skirmisher |
| 26:27 | Queue | Skirmisher |
| 26:28 | Queue | Villager (Male) |
| 26:28 | Queue | Villager (Male) |
Build order — NdT | Flint
First 150 of 179 actions detected
| 0:01 | Queue | Villager (Male) |
| 0:01 | Queue | Villager (Male) |
| 0:01 | Queue | Villager (Male) |
| 0:01 | Queue | Villager (Male) |
| 0:02 | Build | House |
| 0:02 | Build | House |
| 1:14 | Queue | Villager (Male) |
| 1:41 | Queue | Villager (Male) |
| 1:42 | Queue | Villager (Male) |
| 1:42 | Queue | Villager (Male) |
| 2:00 | Build | Settlement |
| 2:01 | Queue | Villager (Male) |
| 2:01 | Queue | Villager (Male) |
| 2:02 | Queue | Villager (Male) |
| 2:02 | Queue | Villager (Male) |
| 2:15 | Queue | Villager (Male) |
| 2:53 | Queue | Villager (Male) |
| 3:36 | Queue | Villager (Male) |
| 3:36 | Queue | Villager (Male) |
| 3:56 | Queue | Villager (Male) |
| 4:10 | Queue | Villager (Male) |
| 4:10 | Queue | Villager (Male) |
| 4:19 | Build | Settlement |
| 4:57 | Queue | Villager (Male) |
| 4:57 | Queue | Villager (Male) |
| 4:57 | Queue | Villager (Male) |
| 4:57 | Queue | Villager (Male) |
| 5:46 | Queue | Villager (Male) |
| 6:13 | Research | Loom |
| 7:08 | Research | Feudal Age |
| 7:37 | Build | Barracks |
| 9:18 | Age | Feudal Age |
| 9:20 | Build | Archery Range |
| 9:23 | Build | Archery Range |
| 9:24 | Queue | Villager (Male) |
| 9:44 | Queue | Villager (Male) |
| 9:47 | Research | Double-Bit Axe |
| 10:01 | Queue | Villager (Male) |
| 10:19 | Queue | Villager (Male) |
| 10:22 | Build | House |
| 10:22 | Queue | Archer |
| 10:23 | Queue | Archer |
| 10:23 | Queue | Archer |
| 10:27 | Build | House |
| 10:28 | Build | Palisade Wall |
| 10:46 | Research | Town Watch |
| 10:49 | Queue | Villager (Male) |
| 10:57 | Queue | Spearman |
| 11:01 | Build | Palisade Wall |
| 11:07 | Queue | Archer |
| 11:08 | Queue | Villager (Male) |
| 11:16 | Build | House |
| 11:19 | Build | Palisade Wall |
| 11:27 | Queue | Villager (Male) |
| 11:28 | Queue | Archer |
| 11:31 | Build | Blacksmith |
| 12:05 | Queue | Villager (Male) |
| 12:11 | Build | Settlement |
| 12:16 | Build | Palisade Wall |
| 12:23 | Queue | Archer |
| 12:24 | Queue | Archer |
| 12:43 | Research | Fletching |
| 12:52 | Queue | Spearman |
| 13:01 | Build | Palisade Wall |
| 13:22 | Build | House |
| 13:23 | Build | Palisade Wall |
| 13:29 | Build | Farm |
| 13:58 | Build | House |
| 14:00 | Build | Palisade Wall |
| 14:01 | Build | Palisade Wall |
| 14:04 | Build | Palisade Wall |
| 15:00 | Build | Settlement |
| 15:06 | Build | Palisade Wall |
| 15:08 | Build | Palisade Wall |
| 15:14 | Queue | Villager (Male) |
| 15:15 | Queue | Archer |
| 15:15 | Queue | Archer |
| 15:15 | Queue | Archer |
| 15:16 | Queue | Archer |
| 15:39 | Research | Padded Archer Armor |
| 15:44 | Queue | Archer |
| 16:10 | Queue | Archer |
| 16:11 | Queue | Villager (Male) |
| 16:11 | Queue | Villager (Male) |
| 16:11 | Queue | Villager (Male) |
| 16:11 | Queue | Villager (Male) |
| 16:11 | Queue | Villager (Male) |
| 16:36 | Queue | Archer |
| 16:36 | Queue | Archer |
| 16:36 | Queue | Archer |
| 16:42 | Build | House |
| 17:34 | Queue | Villager (Male) |
| 17:35 | Queue | Villager (Male) |
| 17:35 | Queue | Archer |
| 17:36 | Queue | Archer |
| 17:37 | Build | Farm |
| 17:38 | Build | Farm |
| 17:42 | Queue | Villager (Male) |
| 17:42 | Queue | Villager (Male) |
| 17:43 | Queue | Archer |
| 17:43 | Queue | Archer |
| 17:51 | Build | Farm |
| 18:25 | Queue | Archer |
| 18:29 | Build | Farm |
| 18:31 | Build | Farm |
| 18:54 | Build | Palisade Wall |
| 18:57 | Queue | Villager (Male) |
| 18:57 | Queue | Villager (Male) |
| 18:57 | Queue | Villager (Male) |
| 18:57 | Queue | Villager (Male) |
| 18:58 | Queue | Villager (Male) |
| 18:58 | Queue | Villager (Male) |
| 19:13 | Queue | Archer |
| 19:13 | Queue | Archer |
| 19:13 | Queue | Archer |
| 19:14 | Queue | Archer |
| 19:14 | Queue | Archer |
| 19:14 | Queue | Archer |
| 20:13 | Build | Market |
| 20:31 | Build | Palisade Wall |
| 20:36 | Queue | Villager (Male) |
| 20:40 | Build | Farm |
| 20:44 | Build | Farm |
| 20:52 | Build | House |
| 20:59 | Queue | Villager (Male) |
| 21:08 | Queue | Archer |
| 21:09 | Queue | Archer |
| 21:40 | Build | House |
| 21:55 | Research | Castle Age |
| 21:55 | Research | Castle Age |
| 22:03 | Build | House |
| 22:04 | Build | House |
| 22:07 | Build | House |
| 22:19 | Queue | Archer |
| 22:19 | Queue | Archer |
| 22:31 | Research | Gold Mining |
| 22:47 | Build | Watch Tower |
| 22:56 | Research | Horse Collar |
| 22:58 | Queue | Archer |
| 22:59 | Queue | Archer |
| 22:59 | Queue | Archer |
| 23:39 | Build | House |
| 23:47 | Build | House |
| 24:19 | Build | House |
| 24:22 | Build | House |
| 24:25 | Build | House |
| 24:35 | Age | Castle Age |
| 24:39 | Research | Bodkin Arrow |
| 25:09 | Build | House |
| 25:18 | Queue | Archer |
Build order — HIX | Joako
First 150 of 232 actions detected
| 0:00 | Queue | Villager (Male) |
| 0:01 | Queue | Villager (Male) |
| 0:02 | Build | House |
| 0:03 | Build | House |
| 0:05 | Queue | Villager (Male) |
| 0:05 | Queue | Villager (Male) |
| 1:27 | Queue | Villager (Male) |
| 1:56 | Build | Lumber Camp |
| 2:02 | Queue | Villager (Male) |
| 2:17 | Queue | Villager (Male) |
| 2:44 | Queue | Villager (Male) |
| 3:12 | Queue | Villager (Male) |
| 3:43 | Queue | Villager (Male) |
| 3:51 | Build | House |
| 3:55 | Build | House |
| 4:02 | Queue | Villager (Male) |
| 4:18 | Queue | Villager (Male) |
| 4:51 | Queue | Villager (Male) |
| 4:53 | Queue | Villager (Male) |
| 4:58 | Build | Mining Camp |
| 5:23 | Queue | Villager (Male) |
| 6:04 | Queue | Villager (Male) |
| 6:13 | Research | Loom |
| 6:53 | Build | Palisade Wall |
| 6:54 | Build | Palisade Wall |
| 6:55 | Build | Palisade Wall |
| 7:09 | Research | Feudal Age |
| 7:45 | Build | Barracks |
| 8:50 | Queue | Villager (Male) |
| 9:02 | Queue | Villager (Male) |
| 9:19 | Age | Feudal Age |
| 9:21 | Build | Archery Range |
| 9:24 | Build | Archery Range |
| 9:45 | Build | Mill |
| 9:48 | Build | Mill |
| 10:19 | Queue | Archer |
| 10:19 | Queue | Archer |
| 10:19 | Queue | Archer |
| 10:23 | Build | Farm |
| 10:23 | Build | Farm |
| 10:29 | Queue | Villager (Male) |
| 10:47 | Build | House |
| 10:58 | Queue | Archer |
| 11:04 | Queue | Villager (Male) |
| 11:04 | Queue | Villager (Male) |
| 11:12 | Queue | Archer |
| 11:21 | Build | House |
| 11:38 | Queue | Villager (Male) |
| 11:57 | Queue | Archer |
| 12:02 | Build | Palisade Wall |
| 12:03 | Build | House |
| 12:06 | Build | Palisade Gate |
| 12:08 | Queue | Villager (Male) |
| 12:25 | Queue | Archer |
| 12:26 | Queue | Archer |
| 12:31 | Queue | Villager (Male) |
| 12:40 | Queue | Villager (Male) |
| 12:47 | Build | House |
| 12:52 | Build | Blacksmith |
| 13:16 | Queue | Archer |
| 13:20 | Queue | Archer |
| 13:21 | Queue | Villager (Male) |
| 13:34 | Research | Fletching |
| 13:39 | Queue | Archer |
| 13:44 | Build | Farm |
| 13:57 | Build | House |
| 14:06 | Build | Farm |
| 14:06 | Build | Farm |
| 14:06 | Build | Farm |
| 14:19 | Queue | Villager (Male) |
| 14:21 | Build | Farm |
| 14:26 | Build | House |
| 14:44 | Queue | Villager (Male) |
| 14:57 | Queue | Villager (Male) |
| 14:58 | Queue | Archer |
| 15:11 | Queue | Archer |
| 15:17 | Build | House |
| 15:19 | Build | House |
| 15:22 | Queue | Villager (Male) |
| 15:24 | Build | Palisade Wall |
| 15:39 | Queue | Archer |
| 15:40 | Queue | Villager (Male) |
| 15:42 | Build | Farm |
| 15:43 | Build | Farm |
| 15:43 | Build | Farm |
| 15:43 | Build | Farm |
| 15:52 | Research | Padded Archer Armor |
| 15:53 | Research | Padded Archer Armor |
| 15:54 | Queue | Archer |
| 16:00 | Queue | Archer |
| 16:06 | Build | Farm |
| 16:13 | Queue | Villager (Male) |
| 16:17 | Build | Palisade Wall |
| 16:26 | Queue | Villager (Male) |
| 16:28 | Build | House |
| 16:33 | Queue | Archer |
| 16:48 | Queue | Archer |
| 17:02 | Build | Palisade Wall |
| 17:05 | Queue | Villager (Male) |
| 17:10 | Build | Lumber Camp |
| 17:13 | Queue | Archer |
| 17:27 | Queue | Villager (Male) |
| 17:29 | Queue | Villager (Male) |
| 17:41 | Queue | Villager (Male) |
| 17:41 | Queue | Villager (Male) |
| 17:42 | Queue | Villager (Male) |
| 17:45 | Build | Palisade Wall |
| 17:47 | Research | Town Watch |
| 17:52 | Queue | Archer |
| 18:05 | Queue | Archer |
| 18:10 | Queue | Villager (Male) |
| 18:11 | Build | House |
| 18:12 | Build | Palisade Wall |
| 18:13 | Queue | Villager (Male) |
| 18:14 | Queue | Villager (Male) |
| 18:18 | Build | Palisade Wall |
| 18:22 | Queue | Villager (Male) |
| 18:28 | Build | Farm |
| 18:35 | Queue | Villager (Male) |
| 18:55 | Build | House |
| 19:00 | Queue | Villager (Male) |
| 19:09 | Queue | Archer |
| 19:12 | Queue | Archer |
| 19:24 | Queue | Archer |
| 19:34 | Queue | Archer |
| 19:53 | Queue | Archer |
| 19:59 | Build | Market |
| 20:39 | Queue | Villager (Male) |
| 20:40 | Queue | Archer |
| 20:59 | Build | Farm |
| 20:59 | Build | Farm |
| 20:59 | Build | Farm |
| 20:59 | Build | Farm |
| 21:02 | Queue | Archer |
| 21:12 | Build | Farm |
| 21:22 | Research | Castle Age |
| 21:23 | Queue | Archer |
| 21:26 | Queue | Archer |
| 21:27 | Queue | Villager (Male) |
| 21:31 | Queue | Archer |
| 21:46 | Build | House |
| 21:47 | Build | Palisade Gate |
| 21:49 | Queue | Archer |
| 21:54 | Queue | Archer |
| 22:01 | Research | Double-Bit Axe |
| 22:05 | Queue | Archer |
| 22:19 | Build | Palisade Wall |
| 22:23 | Build | Palisade Wall |
| 22:24 | Queue | Archer |
| 22:35 | Build | Palisade Gate |
Build order — NdT | Cormano14
First 150 of 191 actions detected
| 0:01 | Queue | Villager (Male) |
| 0:01 | Queue | Villager (Male) |
| 0:02 | Queue | Villager (Male) |
| 0:02 | Queue | Villager (Male) |
| 0:02 | Queue | Villager (Male) |
| 0:03 | Build | House |
| 0:05 | Build | House |
| 1:23 | Queue | Villager (Male) |
| 2:00 | Queue | Villager (Male) |
| 2:26 | Build | Lumber Camp |
| 2:31 | Queue | Villager (Male) |
| 2:53 | Queue | Villager (Male) |
| 2:53 | Queue | Villager (Male) |
| 3:15 | Queue | Villager (Male) |
| 3:27 | Queue | Villager (Male) |
| 3:49 | Build | House |
| 4:07 | Queue | Villager (Male) |
| 4:07 | Queue | Villager (Male) |
| 4:12 | Build | House |
| 4:33 | Queue | Villager (Male) |
| 4:33 | Queue | Villager (Male) |
| 4:33 | Queue | Villager (Male) |
| 4:48 | Build | Mill |
| 5:14 | Build | Palisade Gate |
| 5:47 | Queue | Villager (Male) |
| 6:04 | Queue | Villager (Male) |
| 6:06 | Research | Loom |
| 7:17 | Research | Feudal Age |
| 7:34 | Build | Barracks |
| 7:39 | Build | Palisade Wall |
| 7:40 | Build | Palisade Wall |
| 7:41 | Build | Palisade Wall |
| 7:42 | Build | Palisade Wall |
| 7:47 | Build | Palisade Wall |
| 8:19 | Queue | Villager (Male) |
| 8:26 | Build | Palisade Wall |
| 8:42 | Build | Palisade Wall |
| 9:27 | Age | Feudal Age |
| 9:29 | Queue | Villager (Male) |
| 9:32 | Build | Stable |
| 9:34 | Queue | Spearman |
| 9:39 | Build | House |
| 9:40 | Queue | Villager (Male) |
| 9:48 | Build | Palisade Wall |
| 9:53 | Queue | Villager (Male) |
| 9:54 | Research | Double-Bit Axe |
| 9:54 | Research | Double-Bit Axe |
| 9:56 | Queue | Villager (Male) |
| 10:06 | Queue | Villager (Male) |
| 10:10 | Research | Horse Collar |
| 10:21 | Build | Farm |
| 10:26 | Queue | Villager (Male) |
| 10:35 | Build | House |
| 10:43 | Build | Farm |
| 11:00 | Build | Farm |
| 11:02 | Build | Farm |
| 11:21 | Queue | Villager (Male) |
| 11:25 | Build | Farm |
| 11:30 | Build | Farm |
| 11:36 | Queue | Villager (Male) |
| 11:44 | Build | Watch Tower |
| 11:58 | Build | Farm |
| 12:02 | Build | Farm |
| 12:06 | Queue | Villager (Male) |
| 12:16 | Queue | Scout Cavalry |
| 12:30 | Queue | Villager (Male) |
| 12:41 | Build | Farm |
| 12:42 | Build | Farm |
| 12:56 | Queue | Villager (Male) |
| 13:07 | Build | Farm |
| 13:07 | Queue | Villager (Male) |
| 13:19 | Queue | Scout Cavalry |
| 13:20 | Queue | Scout Cavalry |
| 13:22 | Queue | Villager (Male) |
| 13:45 | Queue | Villager (Male) |
| 13:53 | Build | Farm |
| 13:56 | Build | Farm |
| 14:01 | Queue | Villager (Male) |
| 14:06 | Queue | Scout Cavalry |
| 14:15 | Build | House |
| 14:32 | Queue | Villager (Male) |
| 14:46 | Build | House |
| 14:48 | Queue | Villager (Male) |
| 14:50 | Build | Mining Camp |
| 15:04 | Queue | Scout Cavalry |
| 15:04 | Queue | Scout Cavalry |
| 15:05 | Queue | Villager (Male) |
| 15:11 | Build | Farm |
| 15:13 | Queue | Villager (Male) |
| 15:38 | Build | House |
| 15:39 | Build | Palisade Wall |
| 15:42 | Build | Palisade Wall |
| 15:44 | Queue | Villager (Male) |
| 15:59 | Build | Blacksmith |
| 16:01 | Queue | Villager (Male) |
| 16:04 | Queue | Villager (Male) |
| 16:53 | Queue | Villager (Male) |
| 16:54 | Queue | Villager (Male) |
| 16:57 | Build | Farm |
| 16:58 | Build | Farm |
| 17:15 | Research | Forging |
| 17:17 | Queue | Villager (Male) |
| 17:28 | Build | Farm |
| 17:52 | Build | House |
| 17:53 | Build | House |
| 18:02 | Research | Wheelbarrow |
| 18:02 | Research | Wheelbarrow |
| 18:16 | Queue | Spearman |
| 18:16 | Queue | Spearman |
| 18:55 | Build | Stable |
| 19:26 | Build | House |
| 19:38 | Build | Lumber Camp |
| 19:42 | Research | Castle Age |
| 20:01 | Research | Scale Barding Armor |
| 20:43 | Build | House |
| 20:45 | Build | Palisade Wall |
| 20:48 | Build | Palisade Wall |
| 20:52 | Build | Palisade Wall |
| 21:02 | Build | Palisade Wall |
| 21:12 | Research | Gold Mining |
| 21:19 | Build | House |
| 21:27 | Build | Palisade Gate |
| 21:56 | Build | House |
| 22:03 | Build | Farm |
| 22:03 | Build | Farm |
| 22:22 | Age | Castle Age |
| 22:23 | Research | Chain Barding Armor |
| 22:23 | Research | Chain Barding Armor |
| 22:24 | Queue | Knight |
| 22:24 | Queue | Knight |
| 22:25 | Queue | Knight |
| 22:25 | Queue | Knight |
| 22:26 | Queue | Knight |
| 22:35 | Build | Stable |
| 22:44 | Queue | Villager (Male) |
| 22:51 | Queue | Villager (Male) |
| 22:56 | Queue | Knight |
| 22:56 | Queue | Knight |
| 22:56 | Queue | Knight |
| 23:01 | Queue | Villager (Male) |
| 23:08 | Build | Palisade Wall |
| 23:09 | Queue | Villager (Male) |
| 23:13 | Queue | Villager (Male) |
| 23:26 | Queue | Knight |
| 23:33 | Build | Town Center |
| 23:54 | Queue | Knight |
| 23:54 | Queue | Knight |
| 24:07 | Build | Market |
| 24:10 | Queue | Villager (Male) |
| 24:10 | Queue | Villager (Male) |
Build order — RD | Dominicano
First 150 of 236 actions detected
| 0:01 | Queue | Villager (Male) |
| 0:02 | Build | House |
| 0:03 | Build | House |
| 0:08 | Queue | Villager (Male) |
| 0:14 | Queue | Villager (Male) |
| 0:24 | Queue | Villager (Male) |
| 0:29 | Queue | Villager (Male) |
| 1:23 | Queue | Villager (Male) |
| 2:03 | Build | Lumber Camp |
| 2:10 | Queue | Villager (Male) |
| 2:44 | Queue | Villager (Male) |
| 3:13 | Queue | Villager (Male) |
| 3:32 | Queue | Villager (Male) |
| 3:49 | Build | House |
| 3:57 | Queue | Villager (Male) |
| 4:17 | Queue | Villager (Male) |
| 4:30 | Build | Barracks |
| 4:39 | Queue | Villager (Male) |
| 4:57 | Build | House |
| 5:04 | Queue | Villager (Male) |
| 5:33 | Build | Palisade Wall |
| 5:40 | Queue | Villager (Male) |
| 6:03 | Queue | Villager (Male) |
| 6:20 | Research | Loom |
| 6:23 | Build | Mill |
| 7:00 | Research | Feudal Age |
| 7:24 | Queue | Militia |
| 7:52 | Queue | Militia |
| 8:03 | Build | Mining Camp |
| 8:27 | Queue | Militia |
| 9:04 | Age | Feudal Age |
| 9:06 | Queue | Villager (Male) |
| 9:07 | Research | Man-at-Arms (upgrade) |
| 9:14 | Build | Archery Range |
| 9:22 | Build | Archery Range |
| 9:26 | Queue | Villager (Male) |
| 9:50 | Queue | Villager (Male) |
| 9:58 | Build | House |
| 10:06 | Build | Archery Range |
| 10:25 | Research | Double-Bit Axe |
| 10:28 | Build | House |
| 10:54 | Queue | Villager (Male) |
| 10:58 | Queue | Archer |
| 10:58 | Queue | Archer |
| 11:09 | Queue | Villager (Male) |
| 11:35 | Build | Mill |
| 11:36 | Queue | Archer |
| 11:36 | Queue | Archer |
| 11:37 | Queue | Villager (Male) |
| 11:53 | Queue | Villager (Male) |
| 12:14 | Queue | Archer |
| 12:14 | Queue | Archer |
| 12:26 | Build | House |
| 13:03 | Build | Palisade Wall |
| 13:15 | Queue | Villager (Male) |
| 13:19 | Queue | Villager (Male) |
| 13:26 | Build | House |
| 13:37 | Queue | Archer |
| 13:38 | Queue | Archer |
| 13:57 | Queue | Villager (Male) |
| 14:09 | Build | Blacksmith |
| 14:15 | Queue | Villager (Male) |
| 14:23 | Queue | Villager (Male) |
| 14:24 | Queue | Archer |
| 14:24 | Queue | Archer |
| 14:28 | Build | Farm |
| 14:30 | Build | Farm |
| 14:31 | Build | Farm |
| 14:47 | Queue | Villager (Male) |
| 15:01 | Build | Farm |
| 15:01 | Build | Farm |
| 15:06 | Research | Fletching |
| 15:21 | Build | Farm |
| 15:22 | Build | Farm |
| 15:27 | Build | House |
| 15:41 | Queue | Archer |
| 15:42 | Queue | Archer |
| 15:45 | Queue | Villager (Male) |
| 15:45 | Queue | Villager (Male) |
| 15:56 | Build | Farm |
| 16:26 | Queue | Archer |
| 16:26 | Queue | Archer |
| 16:28 | Queue | Villager (Male) |
| 16:38 | Queue | Archer |
| 16:38 | Queue | Archer |
| 16:56 | Queue | Villager (Male) |
| 17:04 | Queue | Archer |
| 17:04 | Queue | Archer |
| 17:31 | Queue | Villager (Male) |
| 17:42 | Build | Farm |
| 17:43 | Build | Farm |
| 17:51 | Queue | Villager (Male) |
| 18:11 | Queue | Villager (Male) |
| 18:13 | Build | Farm |
| 18:14 | Build | Farm |
| 18:15 | Queue | Villager (Male) |
| 18:22 | Build | Market |
| 18:26 | Queue | Villager (Male) |
| 18:31 | Build | Farm |
| 18:34 | Queue | Archer |
| 18:34 | Queue | Archer |
| 18:40 | Queue | Archer |
| 18:41 | Queue | Archer |
| 19:07 | Build | Palisade Gate |
| 19:12 | Build | House |
| 19:13 | Build | House |
| 19:25 | Queue | Villager (Male) |
| 19:26 | Queue | Archer |
| 19:35 | Queue | Archer |
| 19:35 | Queue | Archer |
| 19:53 | Build | House |
| 19:56 | Build | House |
| 20:02 | Build | House |
| 20:08 | Research | Castle Age |
| 20:11 | Queue | Archer |
| 20:11 | Queue | Archer |
| 20:20 | Build | Palisade Wall |
| 20:38 | Build | Palisade Wall |
| 20:49 | Research | Horse Collar |
| 20:52 | Research | Gold Mining |
| 20:53 | Research | Gold Mining |
| 20:56 | Research | Padded Archer Armor |
| 21:21 | Queue | Archer |
| 21:21 | Queue | Archer |
| 21:35 | Build | Palisade Wall |
| 21:57 | Build | Lumber Camp |
| 22:06 | Queue | Archer |
| 22:06 | Queue | Archer |
| 22:13 | Queue | Archer |
| 22:14 | Queue | Archer |
| 22:33 | Age | Castle Age |
| 22:36 | Research | Crossbowman (upgrade) |
| 22:36 | Research | Bodkin Arrow |
| 22:41 | Queue | Villager (Male) |
| 23:05 | Research | Bow Saw |
| 23:05 | Research | Bow Saw |
| 23:14 | Queue | Archer |
| 23:17 | Queue | Archer |
| 23:27 | Build | University |
| 23:38 | Queue | Villager (Male) |
| 23:39 | Queue | Archer |
| 23:39 | Queue | Archer |
| 23:52 | Queue | Archer |
| 23:52 | Queue | Archer |
| 24:02 | Queue | Villager (Male) |
| 24:16 | Queue | Villager (Male) |
| 24:38 | Research | Ballistics |
| 24:39 | Research | Ballistics |
| 24:45 | Queue | Villager (Male) |
| 24:55 | Queue | Archer |
Build order — HIX | Mark Anthony
First 150 of 219 actions detected
| 0:00 | Queue | Villager (Male) |
| 0:01 | Queue | Villager (Male) |
| 0:01 | Queue | Villager (Male) |
| 0:01 | Queue | Villager (Male) |
| 0:02 | Queue | Villager (Male) |
| 0:03 | Build | House |
| 0:05 | Build | House |
| 1:26 | Queue | Villager (Male) |
| 1:26 | Queue | Villager (Male) |
| 2:54 | Queue | Villager (Male) |
| 2:55 | Queue | Villager (Male) |
| 2:55 | Queue | Villager (Male) |
| 2:56 | Queue | Villager (Male) |
| 3:25 | Build | Lumber Camp |
| 3:32 | Queue | Villager (Male) |
| 3:32 | Queue | Villager (Male) |
| 3:56 | Build | House |
| 3:56 | Build | House |
| 3:56 | Build | House |
| 3:56 | Build | House |
| 4:26 | Queue | Villager (Male) |
| 4:26 | Queue | Villager (Male) |
| 4:55 | Queue | Villager (Male) |
| 4:55 | Queue | Villager (Male) |
| 5:13 | Build | House |
| 5:15 | Build | House |
| 6:06 | Queue | Villager (Male) |
| 6:06 | Queue | Villager (Male) |
| 6:25 | Build | Mill |
| 6:31 | Queue | Villager (Male) |
| 6:31 | Queue | Villager (Male) |
| 6:57 | Queue | Villager (Male) |
| 6:59 | Queue | Villager (Male) |
| 7:24 | Research | Loom |
| 8:16 | Research | Feudal Age |
| 8:28 | Build | House |
| 8:43 | Build | Farm |
| 8:47 | Build | Farm |
| 9:37 | Build | Barracks |
| 9:59 | Queue | Villager (Male) |
| 9:59 | Queue | Villager (Male) |
| 10:05 | Age | Feudal Age |
| 10:36 | Build | Stable |
| 10:39 | Queue | Villager (Male) |
| 10:42 | Research | Double-Bit Axe |
| 10:43 | Research | Double-Bit Axe |
| 11:00 | Queue | Villager (Male) |
| 11:27 | Queue | Scout Cavalry |
| 11:27 | Queue | Scout Cavalry |
| 11:36 | Build | Farm |
| 11:39 | Build | Farm |
| 11:55 | Queue | Villager (Male) |
| 11:57 | Build | Farm |
| 12:12 | Build | Farm |
| 12:14 | Queue | Villager (Male) |
| 12:14 | Queue | Villager (Male) |
| 12:17 | Build | Farm |
| 12:25 | Build | House |
| 12:27 | Build | House |
| 12:29 | Build | Palisade Wall |
| 12:40 | Queue | Villager (Male) |
| 12:45 | Queue | Scout Cavalry |
| 12:45 | Queue | Scout Cavalry |
| 13:03 | Queue | Villager (Male) |
| 13:17 | Build | Farm |
| 13:19 | Build | Farm |
| 13:20 | Build | Farm |
| 13:22 | Queue | Villager (Male) |
| 14:03 | Queue | Villager (Male) |
| 14:04 | Queue | Scout Cavalry |
| 14:04 | Queue | Scout Cavalry |
| 14:31 | Queue | Scout Cavalry |
| 14:31 | Queue | Scout Cavalry |
| 14:37 | Build | Farm |
| 14:37 | Build | Farm |
| 14:37 | Build | Farm |
| 14:38 | Build | Farm |
| 14:40 | Build | Lumber Camp |
| 14:47 | Build | House |
| 14:50 | Build | Palisade Wall |
| 15:01 | Queue | Villager (Male) |
| 15:08 | Build | Blacksmith |
| 15:09 | Build | House |
| 15:11 | Build | Palisade Wall |
| 15:14 | Queue | Villager (Male) |
| 15:15 | Research | Horse Collar |
| 15:34 | Queue | Scout Cavalry |
| 15:34 | Queue | Scout Cavalry |
| 15:51 | Queue | Villager (Male) |
| 15:51 | Queue | Villager (Male) |
| 15:54 | Queue | Villager (Male) |
| 15:54 | Queue | Villager (Male) |
| 16:10 | Build | Stable |
| 16:27 | Research | Scale Barding Armor |
| 16:54 | Queue | Scout Cavalry |
| 16:54 | Queue | Scout Cavalry |
| 17:29 | Queue | Scout Cavalry |
| 17:30 | Queue | Scout Cavalry |
| 17:36 | Queue | Villager (Male) |
| 17:36 | Queue | Villager (Male) |
| 17:40 | Build | Farm |
| 17:41 | Build | Farm |
| 17:41 | Build | Farm |
| 17:41 | Build | Farm |
| 17:41 | Build | Farm |
| 17:43 | Queue | Villager (Male) |
| 17:43 | Queue | Villager (Male) |
| 17:47 | Build | Mining Camp |
| 17:49 | Queue | Villager (Male) |
| 18:27 | Build | Market |
| 18:28 | Build | House |
| 18:30 | Build | Palisade Wall |
| 19:04 | Research | Wheelbarrow |
| 19:20 | Build | House |
| 19:24 | Build | Palisade Wall |
| 19:39 | Queue | Scout Cavalry |
| 19:39 | Queue | Scout Cavalry |
| 19:53 | Queue | Villager (Male) |
| 19:54 | Queue | Villager (Male) |
| 19:55 | Queue | Scout Cavalry |
| 19:56 | Queue | Scout Cavalry |
| 20:15 | Build | House |
| 20:16 | Build | Palisade Wall |
| 20:21 | Build | Palisade Gate |
| 21:07 | Build | Farm |
| 21:09 | Research | Castle Age |
| 21:21 | Build | House |
| 21:50 | Research | Forging |
| 21:54 | Research | Gold Mining |
| 22:57 | Age | Castle Age |
| 23:04 | Queue | Battle Elephant |
| 23:05 | Queue | Battle Elephant |
| 23:05 | Queue | Battle Elephant |
| 23:05 | Queue | Battle Elephant |
| 23:06 | Queue | Battle Elephant |
| 23:06 | Queue | Battle Elephant |
| 23:07 | Queue | Villager (Male) |
| 23:08 | Queue | Villager (Male) |
| 23:41 | Queue | Battle Elephant |
| 23:41 | Queue | Battle Elephant |
| 23:41 | Queue | Battle Elephant |
| 23:51 | Queue | Villager (Male) |
| 23:51 | Queue | Villager (Male) |
| 23:55 | Build | Town Center |
| 24:46 | Queue | Battle Elephant |
| 24:47 | Queue | Battle Elephant |
| 24:47 | Queue | Villager (Male) |
| 24:47 | Queue | Villager (Male) |
| 24:48 | Queue | Villager (Male) |
| 24:55 | Build | Town Center |
Match timeline
| 4:30 | RD | Dominicano · first_building Barracks |
| 5:33 | RD | Dominicano · wall_segment Palisade Wall x4 |
| 6:53 | HIX | Joako · wall_segment Palisade Wall x1 |
| 6:54 | HIX | Joako · wall_segment Palisade Wall x1 |
| 6:55 | HIX | Joako · wall_segment Palisade Wall x2 |
| 7:34 | NdT | Cormano14 · first_building Barracks |
| 7:37 | NdT | Flint · first_building Barracks |
| 7:39 | NdT | Cormano14 · wall_segment Palisade Wall x1 |
| 7:40 | NdT | Cormano14 · wall_segment Palisade Wall x1 |
| 7:41 | NdT | Cormano14 · wall_segment Palisade Wall x1 |
| 7:42 | NdT | Cormano14 · wall_segment Palisade Wall x1 |
| 7:45 | HIX | Joako · first_building Barracks |
| 7:47 | NdT | Cormano14 · wall_segment Palisade Wall x1 |
| 7:57 | TGT | Leo Mattioli · first_building Barracks |
| 8:26 | NdT | Cormano14 · wall_segment Palisade Wall x6 |
| 8:42 | NdT | Cormano14 · wall_segment Palisade Wall x3 |
| 8:52 | TGT | Leo Mattioli · wall_segment Palisade Wall x1 |
| 8:57 | TGT | Leo Mattioli · wall_segment Palisade Wall x1 |
| 8:58 | TGT | Leo Mattioli · wall_segment Palisade Wall x1 |
| 9:00 | TGT | Leo Mattioli · wall_segment Palisade Wall x1 |
| 9:04 | RD | Dominicano · age_up feudal |
| 9:14 | RD | Dominicano · first_building Archery Range |
| 9:18 | NdT | Flint · age_up feudal |
| 9:19 | HIX | Joako · age_up feudal |
| 9:20 | NdT | Flint · first_building Archery Range |
| 9:21 | HIX | Joako · first_building Archery Range |
| 9:27 | NdT | Cormano14 · age_up feudal |
| 9:32 | NdT | Cormano14 · first_building Stable |
| 9:37 | HIX | Mark Anthony · first_building Barracks |
| 9:40 | TGT | Leo Mattioli · age_up feudal |
| 9:45 | TGT | Leo Mattioli · first_building Archery Range |
| 9:48 | NdT | Cormano14 · wall_segment Palisade Wall x7 |
| 10:05 | HIX | Mark Anthony · age_up feudal |
| 10:28 | NdT | Flint · wall_segment Palisade Wall x7 |
| 10:36 | HIX | Mark Anthony · first_building Stable |
| 10:42 | TGT | Leo Mattioli · wall_segment Palisade Wall x1 |
| 11:01 | NdT | Flint · wall_segment Palisade Wall x6 |
| 11:17 | TGT | Leo Mattioli · wall_segment Palisade Wall x8 |
| 11:19 | NdT | Flint · wall_segment Palisade Wall x1 |
| 11:30 | TGT | Leo Mattioli · wall_segment Palisade Wall x6 |
| 11:43 | TGT | Leo Mattioli · wall_segment Palisade Wall x8 |
| 12:02 | HIX | Joako · wall_segment Palisade Wall x1 |
| 12:16 | NdT | Flint · wall_segment Palisade Wall x17 |
| 12:29 | HIX | Mark Anthony · wall_segment Palisade Wall x1 |
| 13:01 | NdT | Flint · wall_segment Palisade Wall x1 |
| 13:03 | RD | Dominicano · wall_segment Palisade Wall x17 |
| 13:23 | NdT | Flint · wall_segment Palisade Wall x5 |
| 13:38 | TGT | Leo Mattioli · wall_segment Palisade Wall x8 |
| 14:00 | NdT | Flint · wall_segment Palisade Wall x1 |
| 14:01 | NdT | Flint · wall_segment Palisade Wall x1 |
| 14:04 | NdT | Flint · wall_segment Palisade Wall x1 |
| 14:50 | HIX | Mark Anthony · wall_segment Palisade Wall x8 |
| 15:06 | NdT | Flint · wall_segment Palisade Wall x10 |
| 15:08 | NdT | Flint · wall_segment Palisade Wall x7 |
| 15:11 | HIX | Mark Anthony · wall_segment Palisade Wall x3 |
| 15:24 | HIX | Joako · wall_segment Palisade Wall x7 |
| 15:39 | NdT | Cormano14 · wall_segment Palisade Wall x4 |
| 15:42 | NdT | Cormano14 · wall_segment Palisade Wall x15 |
| 16:17 | HIX | Joako · wall_segment Palisade Wall x10 |
| 17:02 | HIX | Joako · wall_segment Palisade Wall x1 |
| 17:45 | HIX | Joako · wall_segment Palisade Wall x1 |
| 18:12 | HIX | Joako · wall_segment Palisade Wall x1 |
| 18:18 | HIX | Joako · wall_segment Palisade Wall x24 |
| 18:30 | HIX | Mark Anthony · wall_segment Palisade Wall x3 |
| 18:54 | NdT | Flint · wall_segment Palisade Wall x1 |
| 19:24 | HIX | Mark Anthony · wall_segment Palisade Wall x13 |
| 20:16 | HIX | Mark Anthony · wall_segment Palisade Wall x4 |
| 20:20 | RD | Dominicano · wall_segment Palisade Wall x12 |
| 20:31 | NdT | Flint · wall_segment Palisade Wall x1 |
| 20:38 | RD | Dominicano · wall_segment Palisade Wall x11 |
| 20:45 | NdT | Cormano14 · wall_segment Palisade Wall x6 |
| 20:48 | NdT | Cormano14 · wall_segment Palisade Wall x1 |
| 20:52 | NdT | Cormano14 · wall_segment Palisade Wall x4 |
| 20:53 | HIX | Mark Anthony · first_market_sell 100 wood |
| 20:56 | HIX | Mark Anthony · first_market_buy 100 food |
| 21:02 | NdT | Cormano14 · wall_segment Palisade Wall x8 |
| 21:18 | HIX | Joako · first_market_sell 100 stone |
| 21:19 | NdT | Flint · first_market_sell 100 stone |
| 21:19 | TGT | Leo Mattioli · wall_segment Palisade Wall x9 |
| 21:19 | HIX | Joako · first_market_buy 100 food |
| 21:19 | NdT | Flint · first_market_buy 100 food |
| 21:35 | RD | Dominicano · wall_segment Palisade Wall x1 |
| 22:02 | TGT | Leo Mattioli · first_market_buy 100 food |
| 22:19 | HIX | Joako · wall_segment Palisade Wall x1 |
| 22:22 | NdT | Cormano14 · age_up castle |
| 22:23 | HIX | Joako · wall_segment Palisade Wall x1 |
| 22:33 | RD | Dominicano · age_up castle |
| 22:36 | HIX | Joako · wall_segment Palisade Wall x1 |
| 22:55 | HIX | Joako · wall_segment Palisade Wall x1 |
| 22:57 | HIX | Mark Anthony · age_up castle |
| 23:03 | TGT | Leo Mattioli · wall_segment Palisade Wall x8 |
| 23:08 | NdT | Cormano14 · wall_segment Palisade Wall x1 |
| 23:16 | HIX | Joako · wall_segment Palisade Wall x1 |
| 24:02 | HIX | Joako · age_up castle |
| 24:35 | NdT | Flint · age_up castle |
| 24:55 | TGT | Leo Mattioli · age_up castle |
| 27:13 | NdT | Cormano14 · first_building Monastery |
| 28:38 | RD | Dominicano · first_building Monastery |
| 28:42 | NdT | Cormano14 · resign |
| 29:01 | RD | Dominicano · first_market_buy 100 stone |
[ AI ANALYSIS · 1 CREDIT ]
What really happened in this match?
Wolo.gg analyzes every decision: build order, eco, micro, common mistakes by bracket. Personalized analysis on WhatsApp or Discord in 30 seconds.
Civ guide
Lithuanians
Perfil
Jugador #5642261